 Dungeon Crawl Stone Soup version 0.30.1-4-g462c640d31 (webtiles) character file.

Game seed: 804129405177562004

1001 lonewolfV2 the Chopper (level 8, -3/62 HPs)
             Began as a Demonspawn Berserker on Aug 24, 2023.
             Was a Priest of Trog.
             Succumbed to their own poison gas
             ... on level 5 of the Dungeon.
             The game lasted 00:10:36 (5042 turns).

lonewolfV2 the Chopper (Demonspawn Berserker)       Turns: 5042, Time: 00:10:37

Health: -3/62      AC: 10    Str: 23    XL:     8   Next: 0%
Magic:  8/8        EV: 12    Int:  9    God:    Trog [***...]
Gold:   209        SH:  0    Dex: 12    Spells: 7/7 levels left

rFire   . . .        e - +2 war axe (heavy)
rCold   . . .        (no shield)
rNeg    + . .        l - +1 leather armour "Poihuq" {rN+ Str+3}
rPois   .            (no helmet)
rElec   .            (no cloak)
rCorr   .            (no gloves)
SInv    .            (no boots)
Will    .....        (no amulet)
Stlth   +            (no ring)
HPRegen 0.30/turn    (no ring)
MPRegen 0.11/turn

%: no passive effects
@: lethally poisoned (-3 -> -47), sanguine armoured, on berserk cooldown,
slowed, studying Staves, very slow
A: hooves 1, foul stench 1, sanguine armour 1, demonic magic 2
a: Renounce Religion, Berserk, Trog's Hand


You were on level 5 of the Dungeon.
You worshipped Trog.
Trog was most pleased with you.
You visited 1 branch of the dungeon, and saw 5 of its levels.

You collected 209 gold pieces.

Inventory:

Hand Weapons
 a - a +0 hand axe
 e - a +2 heavy war axe (weapon)
Armour
 b - a +1 animal skin
 l - the +1 leather armour "Poihuq" (worn) {rN+ Str+3}
   (You found it on level 2 of the Dungeon)

   Str:       It affects your strength (+3).
   rN:        It protects you from negative energy.
Jewellery
 n - an amulet of faith
Scrolls
 m - 2 scrolls of enchant armour
Potions
 c - 2 potions of berserk rage
 d - 2 potions of curing
 f - a potion of degeneration
 g - 2 potions of resistance
 h - a potion of experience
 i - a potion of flight {unknown}
 j - a potion of lignification {unknown}
 k - 2 potions of haste
 p - a potion of attraction {unknown}
 q - a potion of mutation {unknown}


   Skills:
 + Level 5.1 Fighting
 + Level 6.6 Axes
 + Level 3.3 Armour
 + Level 3.3 Dodging
 + Level 1.4 Stealth


You had 7 spell levels left.
You didn't know any spells.
Your spell library was empty.

Dungeon Overview and Level Annotations

Branches:
Dungeon (5/15)
 Temple: D:4-7

Altars:
Cheibriados
Qazlal
Wu Jian


Innate Abilities, Weirdness & Mutations

You have large cloven feet.
You may rarely emit foul miasma when damaged in melee.
When seriously injured, your blood forms armour. (AC +6)
Spells you cast may paralyse nearby enemies.


Message History

Your magic grows more menacing.
Okay, then.
k - 2 orange potions (gained 1)
r - a scroll of identify A dart slug comes into view.
As you read the scroll of identify, it crumbles to dust.
k - 2 potions of haste The air fills with toxic fumes!
As you read the scroll labelled YDDALIF BACO, it crumbles to dust.
It was a scroll of poison.
A dart slug is nearby!
A dart slug is nearby!
A dart slug is nearby!
A red film seems to cover your vision as you go berserk!
You feel yourself moving faster!
You feel mighty!
A dart slug is nearby!
Really walk into that cloud of poison gas?
A water moccasin comes into view.
You feel a strong urge to attack something.
You are engulfed in poison gas.
You are poisoned.
You feel very sick.
The water moccasin hisses angrily.
You feel sick.
Really walk into that cloud of poison gas?
You feel your anger nearly subside.
You are engulfed in poison gas.
You are more poisoned.
You feel very sick. The dart slug launches a dart at you.
The slug dart hits you.
You are engulfed in poison gas.
You are more poisoned.
You are no longer berserk.
You are exhausted.
You feel yourself slow down.
Your blood congeals into armour.
You feel extremely sick.
You are engulfed in poison gas.
You are lethally poisoned!
* * * LOW HITPOINT WARNING * * *
You feel extremely sick.
You die...

.......<......#
.###..####..#.# #...
#.##.# #.# ...#.#
##.§# #.....>
#.§###.. ..####.
###§§☼wS.#### #.
##☼§§# #. #☼@#.#
##### #. ....§§§#..#
#... #.
.#######.#######.#
#. #.##......######.
#....#####.......
###..####....######
#....####.####
##.#.###...#
#....#...###########


You could see a dart slug.

Vanquished Creatures
  Prince Ribbit (D:5)
  A scorpion (D:5)
  4 hounds (D:4)
  Crazy Yiuf (D:3)
  6 orc priests
  3 iguanas (D:5)
  2 sleepcaps (D:5)
  11 gnolls
  8 adders
  A white imp (D:5)
  2 worms
  A dart slug (D:2)
  20 orcs
  8 ball pythons
  4 bats
  6 endoplasms
  6 giant cockroaches
  A goblin (D:4)
  A hobgoblin (D:1)
  5 jackals
  4 kobolds
  3 quokkas
  5 frilled lizards
  9 rats
113 creatures vanquished.

Vanquished Creatures (collateral kills)
  A hobgoblin (D:2)
1 creature vanquished.

Grand Total: 114 creatures vanquished

Notes
Turn   | Place    | Note
-------+----------+-------------------------------------------
     0 | D:1      | lonewolfV2 the Demonspawn Berserker began the quest for the
                  | Orb.
     0 | D:1      | Reached XP level 1. HP: 18/18 MP: 1/1
   269 | D:1      | Gained mutation: You have large cloven feet. [demonic
                  | ancestry]
   269 | D:1      | Reached XP level 2. HP: 24/24 MP: 2/2
   309 | D:1      | Reached skill level 3 in Axes
   320 | D:1      | Found a faded altar of an unknown god.
  1086 | D:2      | Reached XP level 3. HP: 12/29 MP: 1/3
  1094 | D:2      | Identified the +1 leather armour "Poihuq" {rN+ Str+3}
  1397 | D:2      | Reached ** piety under Trog
  1516 | D:2      | Gained mutation: When seriously injured, your blood forms
                  | armour. (AC +6) [demonic ancestry]
  1516 | D:2      | Reached XP level 4. HP: 36/36 MP: 4/4
  1644 | D:2      | Reached skill level 4 in Axes
  2409 | D:3      | Found a runed translucent door.
  2410 | D:3      | Noticed Crazy Yiuf
  2414 | D:3      | Killed Crazy Yiuf
  2415 | D:3      | Reached XP level 5. HP: 42/42 MP: 5/5
  3291 | D:4      | Gained mutation: Spells you cast may paralyse adjacent
                  | enemies. [demonic ancestry]
  3291 | D:4      | Reached XP level 6. HP: 48/48 MP: 6/6
  3537 | D:4      | Reached skill level 5 in Axes
  3789 | D:4      | Reached *** piety under Trog
  3833 | D:4      | HP: 1/49 [orc priest/divine providence (11)]
  3834 | D:4      | Reached skill level 1 in Stealth
  4325 | D:4      | Found a snail-covered altar of Cheibriados.
  4331 | D:4      | Found an ornate altar of the Wu Jian Council.
  4334 | D:4      | Found a stormy altar of Qazlal.
  4383 | D:4      | Gained mutation: You may rarely emit foul miasma when
                  | damaged in melee. [demonic ancestry]
  4383 | D:4      | Reached XP level 7. HP: 52/55 MP: 7/7
  4458 | D:5      | Entered Level 5 of the Dungeon
  4549 | D:5      | Identified the +10 dagger of the Modern God {protect,
                  | Fragile Fly rCorr Dex+3}
  4845 | D:5      | Reached skill level 6 in Axes
  4942 | D:5      | Noticed Prince Ribbit
  4950 | D:5      | Killed Prince Ribbit
  4951 | D:5      | Reached skill level 5 in Fighting
  5010 | D:5      | Gained mutation: Spells you cast may paralyse nearby
                  | enemies. [demonic ancestry]
  5010 | D:5      | Reached XP level 8. HP: 62/62 MP: 8/8
  5042 | D:5      | Succumbed to their own poison gas

Illustrated notes

Levels and vault maps discovered:
D:1:      dpeg_arrival_central, layout_basic, basic_ecumenical_altar,
          nicolae_concentric_dashed_squares_mild, hangedman_decor_growths
D:2:      layout_basic, serial_bayou, serial_bayou_crossing,
          serial_bayou_lagoon_a, serial_bayou_shore_a, serial_bayou_pond_a,
          st_stairs_2
D:3:      layout_loops_ring, uniq_crazy_yiuf_cottage
D:4:      layout_loops_corners, tso_oasis_becter, minitemple,
          portal_sewer_entry_e, nicolae_grassy_gnolls
D:5:      layout_rooms, serial_shops, shop, chequers_serial_rivers_micro_d,
          uniq_sigmund, uniq_prince_ribbit1

Skill      XL: |  1  2  3  4  5  6  7 |
---------------+----------------------+-----
Axes           | 3 4 5 6 |  6.6
Dodging        | 2 3 |  3.3
Armour         | 2 3 |  3.3
Fighting       | 4 5 |  5.1
Stealth        | 1 |  1.4

Action                     |  1- 3 |  4- 6 |  7- 9 || total
---------------------------+-------+-------+-------++-------
  Melee: Hand axe          |    38 |       |       ||    38
         War axe           |    48 |   116 |    41 ||   205
         Kick              |     7 |    16 |     8 ||    31
         Punch             |     2 |     1 |       ||     3
 Invoke: Trog's Hand       |       |     2 |     1 ||     3
         Berserk           |       |       |     2 ||     2
    Use: Scroll            |     6 |     4 |     2 ||    12
         Potion            |       |     1 |     1 ||     2
   Stab: Sleeping          |       |     1 |     1 ||     2
 Armour: Animal skin       |     6 |       |       ||     6
         Leather armour    |     6 |    35 |     8 ||    49
  Dodge: Dodged            |    71 |   116 |    25 ||   212
